TOP OF THE 1ST |
Miami (WIN) Marlins batting - Pitching for Kansas City (WIN) Royals : RHP Brandon Ferrari
|
Pitching: RHP Brandon Ferrari
|
|
Batting: RHB Boof Howell
|
0-0: Swinging Strike 0-1: Ball 1-1: Foul Ball, location: 2F 1-2: Ball 2-2: Fly out, F8 (Flyball, 8RD, EV 88.1 MPH)
|
Batting: RHB Tony Stedman
|
0-0: SINGLE (Groundball, 25, EV 60.6 MPH) (infield hit)
|
Batting: LHB Luis Magdaleno
|
0-0: Ball 1-0: Ball 2-0: Fly out, F7 (Flyball, 7LMF, EV 109.4 MPH)
|
Batting: LHB Adam Durgin
|
0-0: SINGLE (Groundball, 4M, EV 101.9 MPH) (infield hit) Tony Stedman to second
|
Batting: SHB Ramon Martinez
|
0-0: Ball 1-0: Ball 2-0: Ball 3-0: Called Strike 3-1: Base on Balls Tony Stedman to third Adam Durgin to second
|
Batting: RHB Erik Coleman
|
0-0: Ball 1-0: SINGLE (Groundball, 6MD, EV 109.4 MPH) Tony Stedman scores Adam Durgin to third Ramon Martinez to second Runner from 3rd tries for Home, SAFE, throw by CF to home
|
Batting: RHB Isaiah Brockman
|
0-0: Ball 1-0: Ball 2-0: Ground out 5-3 (Groundball, 56S, EV 68.8 MPH)
|
Top of the 1st over - 2 runs, 3 hits, 0 errors, 2 left on base; Miami (WIN) 2 - Kansas City (WIN) 0 |
BOTTOM OF THE 1ST |
Kansas City (WIN) Royals batting - Pitching for Miami (WIN) Marlins : LHP Nick Gore
|
Pitching: LHP Nick Gore
|
|
Batting: SHB Ryoji Hiraoka
|
0-0: Called Strike 0-1: Foul Ball, location: 2F 0-2: Foul Ball, location: 2F 0-2: Foul Ball, location: 2F 0-2: Foul Ball, location: 2F 0-2: Ball 1-2: Ball 2-2: Ground out 1-3 (Groundball, 15S, EV 56.9 MPH)
|
Batting: RHB Walt Cogswell
|
0-0: Ball 1-0: Ball 2-0: Ball 3-0: Called Strike 3-1: Base on Balls
|
Batting: LHB Robby Diaz
|
0-0: Called Strike 0-1: Ball Walt Cogswell steals 2nd base 1-1: Foul Ball, location: 2F 1-2: Ball 2-2: Ball 3-2: Foul Ball, location: 2F 3-2: SINGLE (Groundball, 4MD, EV 106.9 MPH) Walt Cogswell to third Runner from 3rd tries for Home, SAFE, throw by CF to home Robby Diaz to second
|
Now in CF: David Doge
|
|
Batting: RHB Taisei Fujii
|
0-0: Ball 1-0: Swinging Strike 1-1: Foul Ball, location: 2F 1-2: Ball Balk! Robby Diaz to third 2-2: Foul Ball, location: 2F 2-2: Fly out, F9 (Flyball, 9, EV 88.8 MPH) Runner from 3rd tags up, SCORES, throw by RF
|
Batting: RHB Ken Postlethwaite
|
0-0: Ball 1-0: Foul Ball, location: 2F 1-1: Ball 2-1: Ball 3-1: Foul Ball, location: 2F 3-2: Foul Ball, location: 2F 3-2: Foul Ball, location: 2F 3-2: Fly out, F7 (Line Drive, 78M, EV 90.6 MPH)
|
Bottom of the 1st over - 2 runs, 1 hit, 0 errors, 0 left on base; Miami (WIN) 2 - Kansas City (WIN) 2 |
TOP OF THE 2ND |
Miami (WIN) Marlins batting - Pitching for Kansas City (WIN) Royals : RHP Brandon Ferrari
|
Batting: RHB Orlando Landa
|
0-0: Foul Ball, location: 2F 0-1: Swinging Strike 0-2: Foul Ball, location: 2F 0-2: Strikes out looking
|
Batting: RHB Masumitsu Sugiura
|
0-0: SINGLE (Groundball, 6MD, EV 105.6 MPH)
|
Batting: RHB Boof Howell
|
0-0: Ball 1-0: Ball 2-0: Foul Ball, location: 2F 2-1: Swinging Strike 2-2: Foul Ball, location: 2F 2-2: Ball 3-2: Grounds into double play, 3-6-3 (Groundball, 3, EV 80.0 MPH)
|
Top of the 2nd over - 0 runs, 1 hit, 0 errors, 0 left on base; Miami (WIN) 2 - Kansas City (WIN) 2 |
BOTTOM OF THE 2ND |
Kansas City (WIN) Royals batting - Pitching for Miami (WIN) Marlins : LHP Nick Gore
|
Batting: RHB Kevin Wimberly
|
0-0: Foul Ball, location: 2F 0-1: Fly out, F9 (Flyball, 89S, EV 77.5 MPH)
|
Batting: RHB Kazuki Arai
|
0-0: Called Strike 0-1: Swinging Strike 0-2: Ball 1-2: Foul Ball, location: 2F 1-2: Strikes out swinging
|
Batting: RHB Justin Goff
|
0-0: Ball 1-0: Ball 2-0: Foul Ball, location: 2F 2-1: SINGLE (Flyball, 6MD, EV 95.0 MPH)
|
Batting: LHB Chris Eaker
|
0-0: Swinging Strike 0-1: Ball 1-1: Ball 2-1: Foul Ball, location: 2F 2-2: Foul Ball, location: 2F 2-2: Strikes out swinging
|
Bottom of the 2nd over - 0 runs, 1 hit, 0 errors, 1 left on base; Miami (WIN) 2 - Kansas City (WIN) 2 |
TOP OF THE 3RD |
Miami (WIN) Marlins batting - Pitching for Kansas City (WIN) Royals : RHP Brandon Ferrari
|
Batting: RHB Tony Stedman
|
0-0: Ball 1-0: Swinging Strike 1-1: Foul Ball, location: 2F 1-2: Strikes out swinging
|
Batting: LHB Luis Magdaleno
|
0-0: Ball 1-0: Called Strike 1-1: Ball 2-1: Swinging Strike 2-2: Ball 3-2: Strikes out swinging
|
Batting: LHB Adam Durgin
|
0-0: Ball 1-0: SINGLE (Groundball, 4MD, EV 96.2 MPH)
|
Batting: SHB Ramon Martinez
|
0-0: Called Strike 0-1: Ball 1-1: Called Strike 1-2: Ball 2-2: Ball 3-2: Base on Balls Adam Durgin to second
|
Batting: LHB David Doge
|
0-0: Called Strike 0-1: Fly out, F9 (Line Drive, 9, EV 96.2 MPH)
|
Top of the 3rd over - 0 runs, 1 hit, 0 errors, 2 left on base; Miami (WIN) 2 - Kansas City (WIN) 2 |
BOTTOM OF THE 3RD |
Kansas City (WIN) Royals batting - Pitching for Miami (WIN) Marlins : LHP Nick Gore
|
Batting: SHB Ryoji Hiraoka
|
0-0: Ball 1-0: Ball 2-0: Ball 3-0: Called Strike 3-1: Called Strike 3-2: Strikes out swinging
|
Batting: RHB Walt Cogswell
|
0-0: Ball 1-0: Called Strike 1-1: Foul Ball, location: 2F 1-2: Ball 2-2: Ball 3-2: Ground out 4-3 (Groundball, 4, EV 98.8 MPH)
|
Batting: LHB Robby Diaz
|
0-0: Foul Ball, location: 2F 0-1: Ball 1-1: Called Strike 1-2: SINGLE (Groundball, 4MS, EV 73.1 MPH) (infield hit)
|
Batting: RHB Taisei Fujii
|
0-0: Ball 1-0: Foul Ball, location: 2F 1-1: Foul Ball, location: 2F 1-2: Ball 2-2: Ball 3-2: Strikes out swinging
|
Bottom of the 3rd over - 0 runs, 1 hit, 0 errors, 1 left on base; Miami (WIN) 2 - Kansas City (WIN) 2 |
TOP OF THE 4TH |
Miami (WIN) Marlins batting - Pitching for Kansas City (WIN) Royals : RHP Brandon Ferrari
|
Batting: RHB Isaiah Brockman
|
0-0: Ball 1-0: Ball 2-0: Ball 3-0: Base on Balls
|
Batting: RHB Orlando Landa
|
0-0: Called Strike 0-1: Called Strike 0-2: Ball 1-2: Fly out, F9 (Line Drive, 89M, EV 89.4 MPH)
|
Batting: RHB Masumitsu Sugiura
|
0-0: Called Strike 0-1: Called Strike 0-2: Foul Ball, location: 2F 0-2: Foul Ball, location: 2F 0-2: Foul Ball, location: 2F 0-2: Strikes out swinging
|
Batting: RHB Boof Howell
|
0-0: Called Strike 0-1: Called Strike 0-2: Ball 1-2: Ball 2-2: Ball 3-2: Base on Balls Isaiah Brockman to second
|
Batting: RHB Tony Stedman
|
0-0: Ball 1-0: Fielders Choice at 2nd, 5-4 (Groundball, 56, EV 81.9 MPH)
|
Top of the 4th over - 0 runs, 0 hits, 0 errors, 2 left on base; Miami (WIN) 2 - Kansas City (WIN) 2 |
BOTTOM OF THE 4TH |
Kansas City (WIN) Royals batting - Pitching for Miami (WIN) Marlins : LHP Nick Gore
|
Batting: RHB Ken Postlethwaite
|
0-0: Ball 1-0: Swinging Strike 1-1: Swinging Strike 1-2: Ball 2-2: Ball 3-2: Strikes out swinging
|
Batting: RHB Kevin Wimberly
|
0-0: Ball 1-0: Foul Ball, location: 2F 1-1: Ball 2-1: Swinging Strike 2-2: DOUBLE (Line Drive, 7LM, EV 108.1 MPH)
|
Batting: RHB Kazuki Arai
|
0-0: Ball 1-0: Ball 2-0: Ball 3-0: Called Strike 3-1: DOUBLE (Line Drive, 9LM, EV 101.9 MPH) Kevin Wimberly scores
|
Batting: RHB Justin Goff
|
0-0: Called Strike 0-1: Swinging Strike 0-2: Strikes out swinging
|
Batting: LHB Chris Eaker
|
0-0: Fly out, F7 (Flyball, 78S, EV 87.5 MPH)
|
Bottom of the 4th over - 1 run, 2 hits, 0 errors, 1 left on base; Miami (WIN) 2 - Kansas City (WIN) 3 |
TOP OF THE 5TH |
Miami (WIN) Marlins batting - Pitching for Kansas City (WIN) Royals : RHP Brandon Ferrari
|
Batting: LHB Luis Magdaleno
|
0-0: Fly out, F2 (Popup, 2LF, EV 85.6 MPH)
|
Batting: LHB Adam Durgin
|
0-0: Fly out, F7 (Flyball, 78M, EV 86.9 MPH)
|
Batting: SHB Ramon Martinez
|
0-0: Called Strike 0-1: Foul Ball, location: 2F 0-2: Strikes out swinging
|
Top of the 5th over - 0 runs, 0 hits, 0 errors, 0 left on base; Miami (WIN) 2 - Kansas City (WIN) 3 |
BOTTOM OF THE 5TH |
Kansas City (WIN) Royals batting - Pitching for Miami (WIN) Marlins : LHP Nick Gore
|
Batting: SHB Ryoji Hiraoka
|
0-0: Ball 1-0: Called Strike 1-1: Swinging Strike 1-2: Ball 2-2: Ball 3-2: Base on Balls
|
Pitching: RHP Adam Brown
|
|
Batting: RHB Walt Cogswell
|
0-0: Called Strike 0-1: Called Strike 0-2: SINGLE (Groundball, 56D, EV 88.1 MPH) (infield hit) Ryoji Hiraoka to second
|
Batting: LHB Robby Diaz
|
0-0: SINGLE (Line Drive, 34, EV 103.8 MPH) Ryoji Hiraoka to third Walt Cogswell to second Runner from 3rd tries for Home, SAFE, throw by RF to home
|
Batting: RHB Taisei Fujii
|
0-0: Ball 1-0: Called Strike 1-1: Ball 2-1: Foul Ball, location: 2F 2-2: Ball 3-2: Strikes out swinging
|
Batting: RHB Ken Postlethwaite
|
0-0: Foul Ball, location: 2F 0-1: Foul Ball, location: 2F 0-2: Ball 1-2: Strikes out swinging
|
Batting: RHB Kevin Wimberly
|
0-0: Ball 1-0: Foul Ball, location: 2F 1-1: Swinging Strike 1-2: Foul Ball, location: 2F 1-2: Ball 2-2: Ball 3-2: Base on Balls Walt Cogswell to third Robby Diaz to second
|
Batting: RHB Kazuki Arai
|
0-0: Ball 1-0: Called Strike 1-1: Ball 2-1: Ball 3-1: Base on Balls Walt Cogswell scores Robby Diaz to third Kevin Wimberly to second
|
Batting: RHB Justin Goff
|
0-0: Called Strike 0-1: Swinging Strike 0-2: Ball 1-2: Ground out U3 (Groundball, 34, EV 85.6 MPH)
|
Bottom of the 5th over - 2 runs, 2 hits, 0 errors, 3 left on base; Miami (WIN) 2 - Kansas City (WIN) 5 |
TOP OF THE 6TH |
Miami (WIN) Marlins batting - Pitching for Kansas City (WIN) Royals : RHP Brandon Ferrari
|
Batting: LHB David Doge
|
0-0: Called Strike 0-1: Ball 1-1: Swinging Strike 1-2: Ball 2-2: Foul Ball, location: 2F 2-2: Ball 3-2: Base on Balls
|
Batting: RHB Isaiah Brockman
|
0-0: Called Strike David Doge is caught stealing 2nd base 2-4 0-1: Ball 1-1: Called Strike 1-2: Ball 2-2: Strikes out looking
|
Batting: RHB Orlando Landa
|
0-0: Ball 1-0: SINGLE (Flyball, 4D, EV 81.9 MPH)
|
Batting: RHB Masumitsu Sugiura
|
0-0: Ball 1-0: Ball 2-0: Called Strike Orlando Landa steals 2nd base 2-1: Ball 3-1: Called Strike 3-2: Strikes out looking
|
Top of the 6th over - 0 runs, 1 hit, 0 errors, 1 left on base; Miami (WIN) 2 - Kansas City (WIN) 5 |
BOTTOM OF THE 6TH |
Kansas City (WIN) Royals batting - Pitching for Miami (WIN) Marlins : RHP Adam Brown
|
Batting: LHB Chris Eaker
|
0-0: Called Strike 0-1: Ball 1-1: Called Strike 1-2: Ground out 5-3 (Groundball, 5, EV 101.9 MPH)
|
Batting: SHB Ryoji Hiraoka
|
0-0: Fly out, F8 (Flyball, 89XD, EV 103.1 MPH)
|
Batting: RHB Walt Cogswell
|
0-0: Ball 1-0: Ball 2-0: Called Strike 2-1: Called Strike 2-2: Ball 3-2: Strikes out swinging
|
Bottom of the 6th over - 0 runs, 0 hits, 0 errors, 0 left on base; Miami (WIN) 2 - Kansas City (WIN) 5 |
TOP OF THE 7TH |
Miami (WIN) Marlins batting - Pitching for Kansas City (WIN) Royals : RHP Brandon Ferrari
|
Batting: RHB Boof Howell
|
0-0: DOUBLE (Flyball, 8RXD, EV 90.0 MPH)
|
Batting: RHB Tony Stedman
|
0-0: Foul Ball, location: 2F 0-1: Ball 1-1: Called Strike 1-2: Foul Ball, location: 2F 1-2: Foul Ball, location: 2F 1-2: Ground out 4-3 (Groundball, 4, EV 95.6 MPH) Boof Howell to third
|
Pitching: RHP Joe Noonan
|
|
Batting: LHB Luis Magdaleno
|
0-0: Swinging Strike 0-1: Ground out 4-3 (Groundball, 4D, EV 103.8 MPH) Boof Howell scores
|
Batting: LHB Adam Durgin
|
0-0: Swinging Strike 0-1: Swinging Strike 0-2: Ball 1-2: Ball 2-2: Strikes out swinging
|
Top of the 7th over - 1 run, 1 hit, 0 errors, 0 left on base; Miami (WIN) 3 - Kansas City (WIN) 5 |
BOTTOM OF THE 7TH |
Kansas City (WIN) Royals batting - Pitching for Miami (WIN) Marlins : RHP Adam Brown
|
Batting: LHB Robby Diaz
|
0-0: Swinging Strike 0-1: Foul Ball, location: 2F 0-2: Ball 1-2: Ball 2-2: Ball 3-2: Foul Ball, location: 2F 3-2: Strikes out swinging
|
Batting: RHB Taisei Fujii
|
0-0: Ball 1-0: Foul Ball, location: 2F 1-1: Ball 2-1: Ball 3-1: Called Strike 3-2: SINGLE (Groundball, 6MD, EV 106.9 MPH)
|
Pitching: RHP Zack Evans
|
|
Batting: RHB Ken Postlethwaite
|
0-0: Foul Ball, location: 2F 0-1: Foul Ball, location: 2F 0-2: Fly out, F9 (Flyball, 9D, EV 89.4 MPH)
|
Batting: RHB Kevin Wimberly
|
0-0: Ball 1-0: Called Strike 1-1: Foul Ball, location: 2F 1-2: Strikes out swinging
|
Bottom of the 7th over - 0 runs, 1 hit, 0 errors, 1 left on base; Miami (WIN) 3 - Kansas City (WIN) 5 |
TOP OF THE 8TH |
Miami (WIN) Marlins batting - Pitching for Kansas City (WIN) Royals : RHP Joe Noonan
|
Batting: SHB Ramon Martinez
|
0-0: Ball 1-0: Swinging Strike 1-1: Called Strike 1-2: Strikes out swinging
|
Batting: LHB David Doge
|
0-0: Ball 1-0: DOUBLE (Groundball, 3D, EV 104.4 MPH)
|
Batting: RHB Isaiah Brockman
|
0-0: Ball 1-0: Foul Ball, location: 2F 1-1: Fly out, F8 (Flyball, 78S, EV 82.5 MPH)
|
Batting: RHB Orlando Landa
|
0-0: Foul Ball, location: 2F 0-1: Ball 1-1: Called Strike 1-2: Ball 2-2: Strikes out swinging
|
Top of the 8th over - 0 runs, 1 hit, 0 errors, 1 left on base; Miami (WIN) 3 - Kansas City (WIN) 5 |
BOTTOM OF THE 8TH |
Kansas City (WIN) Royals batting - Pitching for Miami (WIN) Marlins : RHP Zack Evans
|
Batting: RHB Kazuki Arai
|
0-0: Ball 1-0: Ball 2-0: Called Strike 2-1: Swinging Strike 2-2: Ball 3-2: Foul Ball, location: 2F 3-2: Foul Ball, location: 2F 3-2: Strikes out swinging
|
Batting: RHB Justin Goff
|
0-0: Called Strike 0-1: Ball 1-1: Ground out 5-3 (Groundball, 56S, EV 89.4 MPH)
|
Batting: LHB Chris Eaker
|
0-0: Ball 1-0: Swinging Strike 1-1: Called Strike 1-2: Ball 2-2: Ball 3-2: Strikes out swinging
|
Bottom of the 8th over - 0 runs, 0 hits, 0 errors, 0 left on base; Miami (WIN) 3 - Kansas City (WIN) 5 |
TOP OF THE 9TH |
Miami (WIN) Marlins batting - Pitching for Kansas City (WIN) Royals : RHP Joe Noonan
|
Batting: RHB Masumitsu Sugiura
|
0-0: Ball 1-0: Called Strike 1-1: Called Strike 1-2: Ball 2-2: Foul Ball, location: 2F 2-2: Foul Ball, location: 2F 2-2: Strikes out swinging
|
Pinch Hitting: LHB Eric Bailey
|
0-0: Foul Ball, location: 2F 0-1: Ball 1-1: Fly out, F9 (Flyball, 9D, EV 87.5 MPH)
|
Batting: RHB Tony Stedman
|
0-0: Ball 1-0: Called Strike 1-1: Fly out, F8 (Flyball, 8LXD, EV 96.9 MPH)
|
Top of the 9th over - 0 runs, 0 hits, 0 errors, 0 left on base; Miami (WIN) 3 - Kansas City (WIN) 5 |
|